Map: [TLMC19] Crimson Court

Players

ByuN

  • Race: Terran Terran
  • Spawn Location: 1:00

Krystianer - Winner!

  • Race: Protoss Protoss
  • Spawn Location: 7:00

VOD

Have the link to the VOD?

Description

Time

  • Played on: Dec. 23, 2023, 5:38 a.m.
  • Length: 13:38
Show
View Real Time Build Order
Export as new Build Order

ByuN Terran 

Build Orders: Cyclone Opening 

Get SALT Encoding   

  12  0:00  SCV  
  13  0:12  SCV  
  14  0:18  Supply Depot  
  14  0:24  SCV  
  15  0:40  Barracks  
  15  0:41  SCV  
  16  0:46  Refinery  
  16  0:53  SCV  
  16  0:56  Refinery  
  17  1:05  SCV  
  18  1:17  SCV  
  19  1:27  Reaper  
  19  1:31  Engineering Bay  
  19  1:32  Orbital Command  
  20  1:46  Factory  
  20  1:55  Supply Depot  
  20  1:58  SCV  
  20  2:01  Reaper  
  22  2:03  Bunker  
  22  2:15  SCV  
  23  2:27  SCV  
  23  2:29  Cyclone  
  26  2:42  SCV  
  27  2:49  Command Center  
  27  2:56  SCV  
  27  2:57  Starport  
  28  3:04  Supply Depot  
  28  3:08  SCV, Factory Tech Lab  
  29  3:20  SCV  
  30  3:29  Siege Tank  
  30  3:32  SCV  
  30  3:34  Medivac  
  36  3:39  Barracks  
  36  3:44  SCV  
  35  4:01  Siege Tank  
  35  4:02  Orbital Command, Bunker  
  38  4:08  Orbital Command  
  38  4:10  Barracks Reactor  
  38  4:11  Marine  
  38  4:12  Viking  
  41  4:17  Supply Depot  
  41  4:27  Marine  
  41  4:29  Marine  
  43  4:39  Siege Tank  
  43  4:41  Supply Depot  
  43  4:43  Supply Depot, SCV  
  43  4:44  SCV  
  48  4:50  Marine  
  49  4:55  Marine  
  50  5:01  Viking  
  52  5:08  Marine  
  52  5:11  SCV  
  52  5:13  Marine  
  55  5:15  Factory Tech Lab  
  55  5:23  SCV  
  55  5:24  Orbital Command  
  55  5:26  Marine  
  56  5:31  Marine  
  56  5:35  SCV  
  57  5:37  Siege Tank  
  60  5:44  Marine  
  60  5:47  SCV  
  60  5:48  Marine  
  63  5:51  SCV  
  64  5:57  Supply Depot  
  64  5:58  Supply Depot  
  64  5:59  SCV  
  64  6:01  Liberator  
  64  6:03  SCV  
  69  6:07  Bunker  
  69  6:11  SCV  
  69  6:13  Barracks Reactor  
  70  6:18  Barracks Tech Lab  
  70  6:19  SCV  
  70  6:21  Supply Depot  
  70  6:22  Engineering Bay  
  70  6:24  SCV  
  72  6:31  SCV  
  73  6:32  Refinery  
  73  6:33  Siege Tank  
  73  6:39  Supply Depot  
  76  6:48  Marine  
  76  6:49  SCV x2  
  76  6:51  Marine  
  76  6:52  Marine  
  81  6:56  Stimpack  
  81  6:57  Command Center  
  81  7:01  Supply Depot  
  81  7:02  Missile Turret  
  81  7:03  SCV x2  
  81  7:05  Marine  
  84  7:09  Terran Infantry Weapons Level 1, Marine  
  84  7:10  Marine  
  86  7:18  SCV x2  
  88  7:24  Barracks  
  88  7:26  Siege Tank  
  91  7:30  SCV x2  
  91  7:36  Refinery  
  93  7:40  Marine x3  
  93  7:41  Starport Reactor  
  93  7:44  SCV x2  
  93  7:46  Barracks x2  
  95  7:56  SCV x2  
  95  7:57  Supply Depot  
  97  7:59  Marine x2, Marauder  
  101  8:09  Factory Reactor  
  101  8:10  Orbital Command  
  101  8:13  SCV x2  
  103  8:20  Supply Depot, Marine  
  103  8:21  Marine, Marauder x2  
  103  8:22  Combat Shield  
  103  8:26  Medivac  
  111  8:32  Medivac  
  111  8:33  Orbital Command  
  113  8:37  Missile Turret  
  113  8:38  Barracks Tech Lab, Barracks Reactor  
  113  8:41  SCV  
  114  8:50  Marine x2, Marauder x2  
  114  8:54  SCV x2  
  122  9:00  SCV  
  123  9:03  Terran Infantry Armor Level 1  
  123  9:04  Missile Turret  
  123  9:06  SCV x2  
  123  9:07  Supply Depot  
  125  9:10  Supply Depot  
  125  9:13  Refinery  
  125  9:15  SCV  
  125  9:16  Refinery  
  126  9:18  SCV  
  126  9:20  Marauder x2  
  126  9:22  Marauder  
  133  9:33  Sensor Tower  
  133  9:35  Ghost Academy  
  133  9:39  Command Center  
  133  9:46  Medivac  
  133  9:47  Medivac  
  133  9:48  Concussive Shells, SCV x2  
  133  9:49  SCV  
  140  9:53  Supply Depot  
  140  9:55  Missile Turret  
  140  10:03  Armory  
  140  10:07  Engineering Bay  
  140  10:09  Marauder  
  140  10:10  Marine x2, Marauder x2  
  140  10:11  Marine x2  
  140  10:12  Supply Depot, Widow Mine x2  
  154  10:19  Supply Depot  
  138  10:32  Marine, Marauder x2  
  138  10:33  Marine x4  
  115  10:36  Viking  
  115  10:37  Viking  
  115  10:38  SCV x2  
  115  10:39  SCV  
  92  10:50  SCV, Marine x3  
  92  10:51  SCV  
  92  10:52  SCV  
  92  10:55  Marauder  
  99  11:00  Marauder x2  
  99  11:03  SCV x2  
  103  11:08  Marine x2  
  103  11:09  Terran Infantry Armor Level 2  
  100  11:12  Terran Infantry Weapons Level 2  
  100  11:14  Widow Mine x2  
  100  11:17  Marauder  
  106  11:19  Marine  
  106  11:21  SCV x3  
  110  11:26  Marauder x2  
  110  11:27  Medivac x2  
  110  11:32  Marine  
  119  11:38  Ghost  
  121  11:46  SCV x3  
  124  11:47  Ghost x2  
  128  11:56  Command Center  
  128  12:01  Viking x2  
  130  12:05  Marine x2  
  130  12:06  Marine x2  
  130  12:07  Marauder  
  136  12:16  Marauder x2  
  140  12:25  SCV  
  140  12:26  SCV x2  
  140  12:29  Marauder  
  145  12:31  Viking x2  
  145  12:32  Supply Depot  
  145  12:36  Supply Depot, Widow Mine x2  
  151  12:38  Marauder x2  
  150  12:50  Marine x2, Marauder  
  151  12:53  SCV x2  
  151  12:56  SCV  
  149  12:59  Marauder x2  
  149  13:05  SCV  
  149  13:10  Marine x2  
  149  13:11  Marauder  
  149  13:12  Widow Mine x2  
  142  13:18  Marine x2  
  142  13:19  SCV  
Show
View Real Time Build Order
Export as new Build Order

Krystianer Protoss - Winner!

Build Orders:  

Get SALT Encoding   

  12  0:00  Probe  
  13  0:12  Probe  
  14  0:19  Pylon  
  14  0:24  Probe (Chrono Boost)  
  15  0:37  Gateway  
  15  0:38  Probe (Chrono Boost)  
  16  0:45  Probe (Chrono Boost)  
  16  0:46  Assimilator  
  17  0:52  Probe  
  18  1:04  Probe  
  19  1:16  Probe  
  20  1:24  Cybernetics Core  
  20  1:25  Zealot  
  22  1:28  Probe  
  22  1:30  Pylon  
  23  1:36  Assimilator  
  23  1:40  Pylon  
  23  1:48  Probe  
  24  1:58  Adept (Chrono Boost)  
  24  2:00  Probe  
  27  2:03  Robotics Facility  
  27  2:12  Probe  
  28  2:20  Stalker  
  30  2:24  Probe  
  31  2:48  Immortal (Chrono Boost)  
  35  3:03  Nexus  
  35  3:07  Pylon  
  35  3:22  Warp Prism (Chrono Boost)  
  37  3:32  Pylon  
  37  3:39  Stalker  
  39  3:45  Probe  
  38  3:57  Probe  
  38  4:00  Immortal  
  44  4:11  Probe (Chrono Boost)  
  44  4:15  Probe (Chrono Boost)  
  47  4:26  Probe x2 (Chrono Boost)  
  47  4:32  Warp Gate (Chrono Boost)  
  47  4:34  Stalker, Probe (Chrono Boost)  
  47  4:35  Probe (Chrono Boost)  
  51  4:39  Probe (Chrono Boost)  
  51  4:42  Gateway, Observer  
  53  4:47  Probe  
  54  4:53  Probe  
  54  4:56  Pylon  
  55  5:00  Twilight Council  
  55  5:05  Probe  
  56  5:07  Gateway  
  56  5:09  Gateway  
  56  5:11  Probe  
  57  5:17  Probe  
  57  5:23  Probe  
  56  5:29  Probe  
  56  5:32  Gateway  
  56  5:33  Charge (Chrono Boost), Gateway  
  56  5:35  Probe  
  58  5:41  Probe  
  60  5:52  Pylon  
  59  5:58  Probe  
  59  6:00  Probe  
  61  6:06  Templar Archives  
  61  6:07  Pylon  
  61  6:10  Probe  
  62  6:13  Nexus  
  62  6:15  Pylon  
  62  6:18  Probe  
  62  6:22  Probe  
  64  6:29  Forge, Sentry  
  64  6:31  Probe  
  67  6:34  Pylon  
  67  6:35  Probe  
  67  6:39  Robotics Facility  
  68  6:41  Assimilator  
  68  6:43  Assimilator, Probe  
  68  6:47  Zealot, Probe  
  69  6:48  Protoss Ground Weapons Level 1 (Chrono Boost)  
  69  6:49  Zealot  
  73  6:55  Probe  
  74  7:04  Probe  
  74  7:07  Zealot x2, Probe  
  80  7:12  Blink  
  80  7:16  Probe  
  80  7:19  Probe  
  80  7:20  Robotics Facility  
  82  7:26  Robotics Bay  
  82  7:27  Probe  
  82  7:28  Probe  
  84  7:31  Probe  
  84  7:34  Observer (Chrono Boost)  
  84  7:40  Stalker, Probe  
  84  7:42  Shield Battery  
  87  7:50  Zealot x3  
  94  7:51  Observer  
  94  7:57  Gateway  
  92  8:00  Gateway  
  92  8:01  Pylon  
  92  8:09  Colossus (Chrono Boost)  
  92  8:10  Probe x2  
  92  8:11  Colossus (Chrono Boost)  
  94  8:18  Pylon  
  106  8:23  Extended Thermal Lance  
  105  8:29  Pylon  
  105  8:47  Pylon  
  105  8:48  Probe  
  102  8:51  Colossus (Chrono Boost)  
  102  8:52  Nexus  
  108  8:58  Protoss Ground Armor Level 1 (Chrono Boost), Probe, Colossus (Chrono Boost)  
  115  9:04  Probe  
  115  9:05  Pylon  
  116  9:12  Probe x2  
  118  9:19  Zealot x4  
  126  9:24  Pylon  
  126  9:26  Probe  
  126  9:30  Zealot x2  
  126  9:31  Zealot  
  131  9:34  Zealot  
  133  9:43  High Templar x2  
  137  9:46  Zealot x2, Pylon  
  137  9:47  Archon  
  137  9:49  Shield Battery  
  137  9:52  Zealot x2  
  145  10:00  Pylon  
  145  10:14  Zealot x6  
  153  10:15  Zealot x2  
  161  10:25  Probe  
  161  10:26  Probe  
  141  10:31  Probe  
  122  10:37  Colossus (Chrono Boost)  
  122  10:39  Zealot x8  
  128  10:48  Colossus (Chrono Boost)  
  108  11:08  Zealot x6  
  108  11:09  Zealot x2  
  120  11:13  Probe  
  120  11:15  Protoss Ground Weapons Level 2 (Chrono Boost)  
  121  11:23  Warp Prism (Chrono Boost)  
  123  11:30  Zealot x6  
  135  11:38  Observer (Chrono Boost)  
  136  11:52  Probe  
  137  12:01  Stalker x8  
  141  12:03  Disruptor x2 (Chrono Boost)  
  141  12:06  Probe  
  160  12:08  Robotics Facility  
  160  12:09  Probe  
  161  12:16  Pylon  
  161  12:18  Pylon  
  159  12:25  Stalker x4  
  159  12:26  Stalker x3, Nexus  
  159  12:27  Zealot  
  175  12:30  Probe  
  175  12:32  Probe  
  175  12:34  Pylon  
  175  12:35  Probe  
  175  12:44  Disruptor  
  175  12:46  Probe  
  180  12:55  Probe  
  180  12:57  Zealot x8, Disruptor  
  187  13:02  Probe  
  164  13:18  Zealot x6  
  164  13:19  Zealot x2  
Tags
 
Add a new tag
Caveats
  • Supply blocks, unpowered buildings, or Contaminate may cause inaccurate times.
  • Supply counts are checked every 10 seconds.